 Dungeon Crawl Stone Soup version 0.30-a0-585-g93115170b9 (webtiles) character file.

Game seed: 16539913218101467055

4 HyperVT the Shooter (level 1, -19/12 HPs)
             Began as a Tengu Hunter on Jan 2, 2023.
             Killed by an exploding frilled lizard (30 damage)
             ... ignited by their inner flame
             ... on level 1 of the Dungeon.
             The game lasted 00:01:08 (97 turns).

HyperVT the Shooter (Tengu Hunter)                    Turns: 97, Time: 00:01:09

Health: -19/12     AC:  3    Str: 11    XL:     1   Next: 60%
Magic:  2/2        EV: 12    Int:  9    God:
Gold:   12         SH:  0    Dex: 17    Spells: 0/0 levels left

rFire   . . .      SeeInvis .    a - +0 shortbow
rCold   . . .      Faith    .    (shield currently unavailable)
rNeg    . . .      Spirit   .    c - +0 leather armour
rPois   .          Reflect  .    (helmet restricted)
rElec   .          Harm     .    (no cloak)
rCorr   .          Rampage  .    (no gloves)
Will    .....                    (boots unavailable)
Stlth   ++                       (no amulet)
HPRegen 0.22/turn                (no ring)
MPRegen 0.08/turn                (no ring)

@: no status effects
A: beak, talons 3
a: no special abilities


You were on level 1 of the Dungeon.
You visited 1 branch of the dungeon, and saw 1 of its levels.

You collected 12 gold pieces.

Inventory:

Hand Weapons
 a - a +0 shortbow (weapon)
Armour
 c - a +0 leather armour (worn)


   Skills:
 + Level 2.0 Fighting
 + Level 4.6 Ranged Weapons
 + Level 2.1 Dodging
 + Level 1.0 Stealth


You couldn't memorise any spells.
You didn't know any spells.
Your spell library was empty.

Dungeon Overview and Level Annotations

Branches:
Dungeon (1/15)

Altars:


Innate Abilities, Weirdness & Mutations

You have a beak for a mouth.
You have claws for feet.


Message History

You kill the goblin!
You see here a +0 club.
You see here a +0 club.
A ball python comes into view.
You shoot an arrow. The arrow hits the ball python.
The ball python is severely wounded.
The ball python closely misses you. The ball python misses you.
You shoot an arrow. The arrow hits the ball python!
You kill the ball python!
Really walk into that teleport trap? [Y]es or [N]o only, please.
Really walk into that teleport trap?
You enter a teleport trap!
The teleport trap disappears.
Your surroundings suddenly seem different.
A jackal, a kobold, a frilled lizard, a goblin, a bat, a quokka and a giant cockroach come into view.
Found 6 stones and a dagger.
The goblin shouts!
You hear a bark! x2; You hear an angry hiss.
The bat closely misses you. The bat closely misses you.
The bat hits you but does no damage. The bat hits you but does no damage.
The frilled lizard hisses angrily.
The kobold shouts!
The bat hits you but does no damage.
You hear a bark! x2
Read: scroll of immolation
Press: ? - help, Q - select action, (/) - cycle Dir - look around, f - activate Look: a giant cockroach (wandering, hasn't noticed you, susceptible)
As you read the scroll of immolation, it crumbles to dust.
The creatures around you are filled with an inner flame!
The bat completely misses you.
You shoot an arrow. The arrow closely misses the bat.
The arrow closely misses the kobold.
The bat hits you but does no damage.
A jackal comes into view.
The frilled lizard bites you.
You shoot an arrow. The arrow hits the frilled lizard!
The frilled lizard explodes!
The fiery explosion engulfs the kobold!!
The fiery explosion engulfs the goblin!!
The fiery explosion engulfs you!!
Ouch! That really hurt!
You die...

###### #.)..#
#....# #....#
#.§@§# #...§#
#.§§b####...
#.B.........
#...........
#.......(...
..h...........
...#####........
.. #.....###


You could see a jackal, a giant cockroach (inner flame) and a bat (inner flame).

Vanquished Creatures
  An endoplasm (D:1)
  2 goblins (D:1)
  A ball python (D:1)
  A frilled lizard (D:1)
  2 kobolds (D:1)
7 creatures vanquished.

Notes
Turn   | Place    | Note
-------+----------+-------------------------------------------
     0 | D:1      | HyperVT the Tengu Hunter began the quest for the Orb.
     0 | D:1      | Reached XP level 1. HP: 12/12 MP: 2/2
    97 | D:1      | Killed by an exploding frilled lizard... ignited by their
                  | inner flame

Illustrated notes

Levels and vault maps discovered:
D:1:      kennysheep_arrival_seaside, layout_basic, serial_shops, shop

Action                   || total
-------------------------++-------
 Fire: Shortbow          ||     7
  Use: Scroll            ||     1
Armor: Leather armour    ||     4
Dodge: Dodged            ||     5

Table legend: (Time is in decaauts)
 A = Elapsed time spent in this place.
 B = Non-inter-level travel time spent in this place.
 C = Inter-level travel time spent in this place.
 D = Time resting spent in this place.
 E = Time spent auto-exploring this place.
 F = Levels seen in this place.
 G = Mean time per level.
                   A        B        C        D        E       F      G
               +--------+--------+--------+--------+--------+-----+--------+
         Total |     99 |     99 |      0 |      0 |     78 |   1 |   99.0 |
       Dungeon |     99 |     99 |      0 |      0 |     78 |   1 |   99.0 |
               +--------+--------+--------+--------+--------+-----+--------+

Top non-repeatable levels by time:
     D:1: 99 daAuts
